 Dungeon Crawl Stone Soup version 0.30-a0-585-g93115170b9 (webtiles) character file.

Game seed: 16525200303038314675

44 HoaS the Ducker (level 3, -4/18 HPs)
             Began as a Felid Berserker on Jan 2, 2023.
             Was a Follower of Trog.
             Killed from afar by an orc wizard (11 damage)
             ... with a magic dart
             ... on level 3 of the Dungeon.
             The game lasted 00:04:38 (1846 turns).

HoaS the Ducker (Felid Berserker)                   Turns: 1846, Time: 00:04:39

Health: -4/18      AC:  1    Str: 21    XL:     3   Next: 41%
Magic:  4/4        EV: 18    Int:  8    God:    Trog [*.....]
Gold:   46         SH:  0    Dex: 15    Spells: 2/2 levels left
                                        Lives:  0   Deaths: 0

rFire   . . .      SeeInvis +      - Unarmed
rCold   . . .      Faith    .    (shield unavailable)
rNeg    . . .      Spirit   .    (body armour unavailable)
rPois   .          Reflect  .    (helmet unavailable)
rElec   .          Harm     .    (cloak unavailable)
rCorr   .          Rampage  .    (gloves unavailable)
Will    .....                    (boots unavailable)
Stlth   +                        d - amulet of the acrobat
HPRegen 0.23/turn                a - +6 ring of strength
MPRegen 0.09/turn                (no ring)

@: confused, quick
A: very small, claws 1, fangs 3, see invisible, speed 1, shaggy fur 1, stealthy
paws, no weapons or thrown items, no armour, multi-lived
a: Renounce Religion, Berserk


You were on level 3 of the Dungeon.
You worshipped Trog.
Trog was aware of your devotion.
You visited 1 branch of the dungeon, and saw 3 of its levels.

You collected 46 gold pieces.

Inventory:

Jewellery
 a - a +6 ring of strength (left paw)
 d - an amulet of the acrobat (around neck)
Potions
 b - a potion of ambrosia
 c - 2 potions of heal wounds
 f - a potion of berserk rage {unknown}


   Skills:
 * Level 3.6 Fighting
 + Level 4.4 Dodging
 * Level 3.6 Unarmed Combat


You had 2 spell levels left.
You didn't know any spells.
Your spell library was empty.

Dungeon Overview and Level Annotations

Branches:
Dungeon (3/15)

Altars:
Cheibriados


Innate Abilities, Weirdness & Mutations

You have sharp claws.
You have razor-sharp teeth.
You have supernaturally acute eyesight. (SInv)
You cover ground quickly. (Speed+)
You are covered in fur. (AC +1)
Your paws help you pounce on unaware monsters.
You are incapable of wielding weapons or throwing items.
You cannot wear armour.
You gain extra lives every three experience levels.


Message History

You scratch the orc wizard but do no damage.
The orc wizard misses you.
You scratch the orc wizard.
The orc wizard is moderately wounded.
The orc wizard hits you but does no damage.
Okay, then.
You fail to use your ability.
The orc wizard barely misses you.
You scratch the orc wizard.
The orc wizard is heavily wounded.
The orc wizard completely misses you.
You barely miss the orc wizard.
The orc wizard is heavily wounded.
The orc wizard misses you.
You scratch the orc wizard.
The orc wizard is severely wounded.
The orc wizard casts a spell at you.
You are confused.
You bump into the rock wall.
The orc wizard completely misses you.
You scratch the orc wizard but do no damage.
Your bite misses the orc wizard.
The orc wizard is severely wounded.
You bump into the rock wall.
The orc wizard gestures at you while chanting.
You are more confused.
You closely miss the orc wizard.
The orc wizard is severely wounded.
The orc wizard hits you with a +0 dagger.
You bump into the rock wall.
The orc wizard misses you.
You scratch the orc wizard but do no damage.
The orc wizard is severely wounded.
The orc wizard casts a spell at you. You resist with some effort.
You bump into the rock wall.
The orc wizard casts a spell at you.
You are more confused.
You bump into the rock wall.
The orc wizard gestures at you while chanting.
The magic dart hits you!
Ouch! That really hurt!
You die...

#.# #.# #.#
#o###### #......#
######o# #o# #o#
#@# #)#
######.#.####
#...........#
###.####....#.#
###.####...#
#....#
.........#.#
#..###
###.####...####..#
##........#


You could see an orc wizard (invisible) and 2 orcs.

Vanquished Creatures
  A worm (D:2)
  3 dart slugs
  An orc (D:3)
  3 ball pythons
  2 endoplasms
  A giant cockroach (D:3)
  3 goblins
  3 hobgoblins
  2 jackals (D:3)
  7 kobolds
  4 bats
  2 frilled lizards (D:2)
  3 rats
35 creatures vanquished.

Vanquished Creatures (others)
  2 plants (D:1)
2 creatures vanquished.

Grand Total: 37 creatures vanquished

Notes
Turn   | Place    | Note
-------+----------+-------------------------------------------
     0 | D:1      | HoaS the Felid Berserker began the quest for the Orb.
     0 | D:1      | Reached XP level 1. HP: 10/10 MP: 2/2
   478 | D:1      | Reached XP level 2. HP: 14/14 MP: 3/3
   840 | D:2      | Found a snail-covered altar of Cheibriados.
  1266 | D:2      | Reached XP level 3. HP: 17/17 MP: 4/4
  1846 | D:3      | Killed from afar by an orc wizard

Illustrated notes

Levels and vault maps discovered:
D:1:      amcnicky_arrival_feature_with_door, layout_loops_cross,
          amcnicky_mini_rare_corridor_liquid, chequers_serial_rivers_small_a,
          serial_bayou_lagoon_b
D:2:      layout_loops_ring, basic_altar
D:3:      layout_loops_ring, minmay_pentangle

Action                   || total
-------------------------++-------
Melee: Unarmed           ||    97
       Bite              ||     9
       Punch             ||     1
Invok: Berserk           ||     1
  Use: Scroll            ||     6
 Stab: Sleeping          ||     2
Armor: Skin              ||     2
Dodge: Dodged            ||    66

Table legend: (Time is in decaauts)
 A = Elapsed time spent in this place.
 B = Non-inter-level travel time spent in this place.
 C = Inter-level travel time spent in this place.
 D = Time resting spent in this place.
 E = Time spent auto-exploring this place.
 F = Levels seen in this place.
 G = Mean time per level.
                   A        B        C        D        E       F      G
               +--------+--------+--------+--------+--------+-----+--------+
         Total |   1574 |   1526 |     48 |    169 |   1003 |   3 |  524.7 |
       Dungeon |   1574 |   1526 |     48 |    169 |   1003 |   3 |  524.7 |
               +--------+--------+--------+--------+--------+-----+--------+

Top non-repeatable levels by time:
     D:1: 713 daAuts
     D:2: 700 daAuts
     D:3: 160 daAuts
